 Dungeon Crawl Stone Soup version 0.26.1-11-gd32895ea62 (webtiles) character file.

Game seed: 17064545038761865719

5525 nothank2 the Carver (level 10, -11/74 HPs)
             Began as a Demonspawn Abyssal Knight on July 7, 2021.
             Was a High Priest of Lugonu.
             Shot with a bolt by an orc warrior (25 damage)
             ... in a bailey on July 8, 2021.
             The game lasted 00:28:49 (10157 turns).

nothank2 the Carver (Demonspawn Abyssal Knight)    Turns: 10157, Time: 00:28:50

Health: -11/74     AC:  5    Str: 16    XL:     10   Next: 43%
Magic:  0/15       EV: 13    Int: 20    God:    Lugonu [*****.]
Gold:   589        SH:  4    Dex: 12    Spells: 9/9 levels left

rFire    . . .     SeeInvis .   w - +2 long sword (drain)
rCold    . . .     Faith    .   (no shield)
rNeg     . . .     Spirit   +   y - +0 steam dragon scales
rPois    .         Reflect  .   (helmet restricted)
rElec    .         Harm     .   (no cloak)
rCorr    .         Rampage  .   (no gloves)
Will     .....                  (no boots)
Stlth    +.........             (no amulet)
HPRegen  0.22/turn              h - +4 ring of slaying
MPRegen  0.28/turn              C - +6 ring of intelligence

@: no status effects
A: horns 1, large bone plates 1, powered by death 2, magic shield, magic
regeneration
a: Renounce Religion, Depart the Abyss, Bend Space, Banish, Corrupt, Enter the
Abyss


You were in a bailey.
You worshipped Lugonu.
Lugonu was extremely pleased with you.
You visited 1 branch of the dungeon, and saw 9 of its levels.
You visited the Abyss 1 time.
You also visited: Bailey.

You collected 589 gold pieces.

Inventory:

Hand Weapons
 a - a +1 falchion
 w - a +2 long sword of draining (weapon)
 z - a +1 whip of flaming
Missiles
 p - 2 atropa-tipped darts
 x - 6 poisoned darts (quivered)
Armour
 b - a +0 leather armour
 f - a +1 ring mail
 y - +0 steam dragon scales (worn)
Jewellery
 h - a +4 ring of slaying (left hand)
 C - a +6 ring of intelligence (right hand)
Wands
 k - a wand of digging (3)
 l - a wand of random effects (18)
 r - a wand of iceblast (9)
 s - a wand of acid (15)
 v - a wand of polymorph (13)
Scrolls
 d - 4 scrolls of remove curse
 g - a scroll of identify
 j - a scroll of amnesia
 o - 2 scrolls of enchant armour
 u - 3 scrolls of teleportation
Potions
 c - a potion of might
 e - 3 potions of curing
 i - 3 potions of degeneration
 m - a potion of lignification
 n - 2 potions of flight
 q - 2 potions of ambrosia
 t - a potion of haste
 A - a potion of magic
 B - a potion of heal wounds


   Skills:
 + Level 5.4 Fighting
 + Level 11.8 Long Blades
 + Level 3.9 Armour
 + Level 3.4 Dodging
 - Level 0.4 Shields
 * Level 6.9 Invocations


You had 9 spell levels left.
You didn't know any spells.
Your spell library contained the following spells:

 Spells                   Type           Power        Failure   Level
 Beastly Appendage        Tmut           0%           19%         1
 Wereblood                Tmut           0%           28%         2
 Spider Form              Tmut/Pois      0%           50%         3
 Ice Form                 Ice/Tmut       0%           88%         4
 Blade Hands              Tmut           0%           99%         5


Dungeon Overview and Level Annotations

Branches:
Dungeon (9/15)             Temple (0/1) D:5             Orc (0/2) D:9
 Bailey (1/1)
   Lair: D:8-11

Altars:
Fedhas
Gozag
Makhleb
Qazlal
Sif Muna
Uskayaw
Vehumet
Wu Jian
Xom


Innate Abilities, Weirdness & Mutations

You have a pair of small horns on your head.
You are partially covered in large bone plates. (SH +4)
You regenerate health from kills.
When hurt, damage is shared between your health and your magic reserves.
You regenerate magic rapidly.


Message History

The orc warrior is moderately wounded.
The orc warrior hits you but does no damage.
The orc shoots a bolt.
You block the bolt.
You hit the orc warrior.
The orc warrior is moderately wounded.
The orc warrior shoots a bolt.
The bolt closely misses you.
You closely miss the orc warrior.
The orc warrior is moderately wounded.
The orc warrior hits you!
The orc shoots a bolt.
The bolt hits you!
* * * LOW HITPOINT WARNING * * *
The orc warrior shoots a bolt.
You block the bolt.
You closely miss the orc warrior.
The orc warrior is moderately wounded.
The orc warrior hits you.
* * * LOW HITPOINT WARNING * * *
You closely miss the orc warrior.
The orc warrior is moderately wounded.
The orc warrior hits you but does no damage.
The orc warrior shoots a bolt.
The bolt hits you!!
You die...

.....# #. ......## #....
≈≈≈≈....#### ####....≈
#.#.≈......###......≈.
##.∩#≈...............≈#∩ ≈
.^oo≈...............≈.. o≈....
≈##o##≈.....(....o....≈##o##≈....
≈≈#o#≈≈...(.)..o......≈≈#o#≈≈....
.≈≈≈≈≈...(..((..@..o...≈≈≈≈≈.....
...........((....................
.......(..(((....................
.................................
............(....................
..........(.((.........(..(......
......(((.(......................
#################################


You could see 2 orc warriors and an orc.

Vanquished Creatures
  A two-headed ogre (D:9)
  Pikel (D:7)
  A manticore (D:7)
  Joseph (D:7)
  Maggie (D:7)
  A water moccasin (D:8)
  2 ice beasts
  A sky beast (D:7)
  A phantom (D:5)
  2 black bears (D:6)
  4 centaurs
  5 ogres
  A bullfrog (D:6)
  A gnoll sergeant (D:7)
  A water moccasin zombie (D:7)
  A wyvern zombie (D:6)
  5 scorpions
  3 killer bees (D:7)
  3 wights (D:5)
  3 howler monkeys
  3 jellies
  A bullfrog zombie (D:7)
  A hound (D:4)
  6 orc priests (D:4)
  A bullfrog skeleton (D:9)
  A centaur skeleton (D:7)
  9 orc wizards
  An iguana (D:4)
  7 worker ants
  2 hound skeletons
  A worker ant zombie (D:5)
  A howler monkey zombie (D:7)
  3 gnolls (D:7)
  23 adders
  2 ufetubi
  2 adder skeletons
  An adder zombie (D:5)
  3 worms
  7 leopard geckos
  25 orcs
  6 ball pythons
  5 giant cockroaches
  13 goblins
  7 hobgoblins
  13 jackals
  4 kobolds
  5 quokkas
  11 bats
  6 frilled lizards
  A giant cockroach zombie (D:5)
  2 leopard gecko skeletons
  2 leopard gecko zombies
  8 rats
222 creatures vanquished.

Vanquished Creatures (others)
  16 fungi (D:4)
16 creatures vanquished.

Grand Total: 238 creatures vanquished

Notes
Turn   | Place    | Note
-------+----------+-------------------------------------------
     0 | Abyss:1  | nothank2 the Demonspawn Abyssal Knight began the quest for
                  | the Orb.
     0 | Abyss:1  | Reached XP level 1. HP: 18/18 MP: 2/2
     3 | D:1      | Escaped the Abyss
   190 | D:1      | Reached skill level 2 in Long Blades
   494 | D:1      | Gained mutation: You regenerate a little health from kills.
                  | [demonic ancestry]
   494 | D:1      | Reached XP level 2. HP: 24/24 MP: 3/3
   589 | D:1      | Reached skill level 3 in Long Blades
   877 | D:1      | Reached ** piety under Lugonu
   936 | D:1      | Gained mutation: You are partially covered in large bone
                  | plates. (SH +4) [demonic ancestry]
   936 | D:1      | Reached XP level 3. HP: 25/29 MP: 4/4
  1493 | D:2      | Gained mutation: When hurt, damage is shared between your
                  | health and your magic reserves. [demonic ancestry]
  1493 | D:2      | Reached XP level 4. HP: 24/35 MP: 5/5
  1496 | D:2      | Reached skill level 4 in Long Blades
  2180 | D:3      | Reached XP level 5. HP: 40/41 MP: 6/6
  2277 | D:3      | You fall into a shaft and drop 1 floor!
  2351 | D:4      | Found a stormy altar of Qazlal.
  2355 | D:4      | Noticed an air elemental
  2359 | D:4      | Noticed a fire elemental
  2359 | D:4      | Noticed a water elemental
  2412 | D:3      | Reached skill level 5 in Long Blades
  2456 | D:3      | Reached *** piety under Lugonu
  3116 | D:4      | Found an ornate altar of the Wu Jian Council.
  3140 | D:4      | Gained mutation: You regenerate magic rapidly. [demonic
                  | ancestry]
  3140 | D:4      | Reached XP level 6. HP: 31/47 MP: 3/7
  3157 | D:4      | Reached skill level 6 in Long Blades
  3354 | D:4      | Gained mutation: You regenerate health from kills. [demonic
                  | ancestry]
  3354 | D:4      | Reached XP level 7. HP: 7/52 MP: 3/8
  3355 | D:4      | Reached skill level 7 in Long Blades
  3544 | D:4      | HP: 1/52 [something/magic dart (4)]
  3943 | D:4      | Reached **** piety under Lugonu
  4018 | D:4      | Reached skill level 8 in Long Blades
  4554 | D:4      | Found a shimmering blue altar of Sif Muna.
  4563 | D:4      | Reached XP level 8. HP: 46/58 MP: 9/9
  4682 | D:5      | Entered Level 5 of the Dungeon
  4911 | D:5      | Reached skill level 9 in Long Blades
  5021 | D:5      | Found a staircase to the Ecumenical Temple.
  5067 | D:5      | Found an opulent altar of Gozag.
  5688 | D:6      | Found a hide-covered altar of Uskayaw.
  5731 | D:6      | Reached skill level 10 in Long Blades
  5980 | D:6      | Reached skill level 1 in Dodging
  6210 | D:6      | Found a radiant altar of Vehumet.
  6971 | D:6      | Gained mutation: You have a pair of small horns on your
                  | head. [demonic ancestry]
  6971 | D:6      | Reached XP level 9. HP: 48/64 MP: 9/11
  7564 | D:7      | Noticed Maggie
  7585 | D:7      | Killed Maggie
  7685 | D:7      | Reached ***** piety under Lugonu
  7715 | D:7      | Noticed a manticore
  7724 | D:7      | Killed a manticore
  7725 | D:7      | Reached skill level 11 in Long Blades
  7725 | D:7      | Reached skill level 5 in Invocations
  8099 | D:7      | Noticed Pikel
  8107 | D:7      | Killed Pikel
  8108 | D:7      | Reached XP level 10. HP: 58/73 MP: 11/14
  8343 | D:7      | You fall into a shaft and drop 1 floor!
  8520 | D:7      | Reached skill level 5 in Fighting
  8555 | D:7      | Noticed Joseph
  8574 | D:7      | Killed Joseph
  9463 | D:8      | Found a burning altar of Makhleb.
  9853 | D:9      | Found a blossoming altar of Fedhas.
  9903 | D:9      | Found a shimmering altar of Xom.
  9998 | D:9      | Found a flagged portal.
  9998 | D:9      | Noticed a two-headed ogre
 10009 | D:9      | Killed a two-headed ogre
 10019 | Bailey   | Entered a bailey
 10157 | Bailey   | Shot with a bolt by an orc warrior

Illustrated notes

Levels and vault maps discovered:
D:1:      dpeg_chamrin_arrival_tetris, layout_basic
D:2:      layout_basic
D:3:      layout_rooms, st_stairs_7, minmay_snake_closets
D:4:      old_forge, layout_gridville, nicolae_qazlal_style_of_elements,
          kennysheep_little_box, kennysheep_mini, grunt_ministairs_1
D:5:      layout_gridville, nicolae_overflow_hidden_temple, temple_pool_b,
          minmay_ogre_servants
D:6:      layout_loops_ring, nicolae_overflow_crystal_walls,
          lemuel_crystal_altar, serial_co_window_serial, co_window_paths_a,
          co_window_corner_a, co_window_of_opportunity_a, co_window_paths_a,
          co_window_of_opportunity_a, co_window_corner_a, co_window_paths_b,
          co_window_paths_c, co_window_broadway_a, co_window_paths_c,
          co_window_4corner_b, co_window_paths_d
D:7:      layout_loops_corners, nzn_random_ring, uniq_maggie, uniq_pikel,
          uniq_joseph
D:8:      layout_loops_ring, old_standard_altar
D:9:      layout_roguey, fedhas_altar_4, hiddenorc2_lemuel, enter_bailey_2,
          hangedman_feature_mirror
Bailey:   bailey_polearm_2, bailey

Skill      XL: |  1  2  3  4  5  6  7  8  9 10 |
---------------+-------------------------------+-----
Long Blades    | 2 3 4 5 6 8 10 11 | 11.8
Dodging        | 1 2 3 |  3.4
Armour         | 2 3 |  3.9
Invocations    | 3 5 6 |  6.9
Fighting       | 4 5 |  5.4
Shields        | |  0.4

Action                   |  1- 3 |  4- 6 |  7- 9 | 10-12 || total
-------------------------+-------+-------+-------+-------++-------
Melee: Falchion          |    90 |   213 |   354 |       ||   657
       Long sword        |       |       |    49 |    67 ||   116
       Headbutt          |       |       |    21 |    10 ||    31
       Unarmed           |       |       |    13 |       ||    13
Throw: Boomerang         |       |     5 |       |       ||     5
       Dart              |       |    18 |    25 |     4 ||    47
Invok: Bend Space        |       |     2 |     1 |       ||     3
  Use: Potion            |       |     1 |     5 |     1 ||     7
       Scroll            |       |       |     9 |     8 ||    17
 Stab: Confused          |       |       |     2 |       ||     2
Armor: Leather armour    |     7 |       |       |       ||     7
       Ring mail         |    17 |    57 |    98 |       ||   172
       Steam dragon scal |       |       |    11 |    12 ||    23
       Skin              |       |       |     1 |       ||     1
Dodge: Dodged            |    63 |    97 |   144 |    48 ||   352
Block: Other             |    10 |    44 |    52 |    15 ||   121
       Rpst.: Falchion   |    12 |    27 |    42 |       ||    81
       Long sword        |       |       |     9 |     8 ||    17
